[Event "*** SCC Grand Prix: Titled Tuesday Blitz"]
[Site "Chess.com"]
[Date "2020.07.14"]
[Round "10"]
[White "ural58"]
[Black "tdf98pantani"]
[Result "1-0"]
[WhiteElo "2526"]
[BlackElo "2672"]
[TimeControl "180+1"]
[EndTime "11:57:49 PDT"]
[Termination "ural58 won by resignation"]

1. e4 e6 2. Qe2 c5 3. b3 Nc6 4. Bb2 d6 5. f4 e5 6. Nc3 Nf6 7. O-O-O Nd4 8. Qf2 Be7 9. Nf3 Bg4 10. h3 Bxf3 11.
gxf3 exf4 12. Nb5 Ne6 13. d4 a6 14. d5 axb5 15. Bxb5+ Kf8 16. dxe6 Rxa2 17. e5 Rxb2 18. Kxb2 Nh5 19. exf7 d5 20. Be8 Ng3 21. Rhe1 c4 22. Qd2 Qa8 23. Ra1 Qd8 24. Qxf4 Nh5 25. Qd4 c3+ 26. Qxc3 Nf4 27. Red1 Ne6 28. Qa5 Nc7 29. f4 g6 30. Qb6 Kg7 31. Ra7 Ne6 32.
Rxb7 Qc8 33. Rxe7 1-0

[Event "*** SCC Grand Prix: Titled Tuesday Blitz"]
[Site "Chess.com"]
[Date "2020.07.14"]
[Round "10"]
[White "GelmanAlexander"]
[Black "ShimanovAlex"]
[Result "0-1"]
[WhiteElo "2605"]
[BlackElo "2817"]
[TimeControl "180+1"]
[EndTime "11:57:50 PDT"]
[Termination "ShimanovAlex won by resignation"]

1. c4 c5 2. Nf3 Nf6 3. e3 Nc6 4. a3 e6 5. d3 d5 6. Nbd2 Bd6 7. b3 O-O 8. Bb2 b6 9. Rg1 e5 10. cxd5 Nxd5 11. g4 Be6 12. Rc1 Rc8 13. g5 Kh8 14. Rc4 Nd4 15. exd4 exd4 16. Ne4 Re8 17. Rc1 Bf4 18.
Rc2 Bf5 19. Nd2 Bxg5 20. Qf3 Bg6 21. Bh3 Rc6 22. Bf5 Rf8 23. b4 Bh6 24. bxc5 Nf4 25.
Ng3 Rf6 26. Qg4 Qd5 27. Nde4 Rxf5 28. Nxf5 Bxf5 29. Qf3 Nxd3+ 30. Qxd3 Bxe4 31. Qxd4 Qxd4 32. Bxd4 Bxc2 0-1

[Event "*** SCC Grand Prix: Titled Tuesday Blitz"]
[Site "Chess.com"]
[Date "2020.07.14"]
[Round "10"]
[White "LuckSlayeer"]
[Black "queen_iryna"]
[Result "0-1"]
[WhiteElo "2381"]
[BlackElo "2274"]
[TimeControl "180+1"]
[EndTime "11:57:50 PDT"]
[Termination "queen_iryna won by checkmate"]

1. e4 d6 2. d4 Nf6 3. Nc3 e5 4. Nf3 Nbd7 5. Bc4 Be7 6. O-O O-O 7. Re1 c6 8. a4 h6 9. dxe5 dxe5 10. h3 Re8 11. Nh4 Nc5 12. Qf3 Be6 13. Bxe6 Nxe6 14. Nf5 Nd4 15. Qg3 Nxf5 16. exf5 Kh7 17. Rxe5 Qb6 18.
a5 Qb4 19. Ra4 Qd6 20. Bf4 Nh5 21. Qe3 Nxf4 22. Rxf4 Bg5 23. Rxe8 Bxf4 24. Qe4 Rxe8 25. Qxe8 Qb4 26. Ne4 Qe1# 0-1

[Event "*** SCC Grand Prix: Titled Tuesday Blitz"]
[Site "Chess.com"]
[Date "2020.07.14"]
[Round "10"]
[White "marianokar"]
[Black "Flawless_Fighter"]
[Result "0-1"]
[WhiteElo "2430"]
[BlackElo "2562"]
[TimeControl "180+1"]
[EndTime "11:57:51 PDT"]
[Termination "Flawless_Fighter won by resignation"]

1. e4 c6 2. d4 d5 3. exd5 cxd5 4. Bd3 Nc6 5. c3 Nf6 6. h3 g6 7. Nf3 Bf5 8. Be2 e6 9. O-O h5 10. Re1 Bd6 11. Bg5 Be7 12. Nbd2 Ne4 13. Bxe7 Qxe7 14. Nxe4 Bxe4 15. Nd2 h4 16. Nxe4 dxe4 17. Bc4 f5 18.
f3 O-O-O 19. fxe4 Ne5 20. Bxe6+ Qxe6 21. exf5 gxf5 22. Rxe5 Qb6 23. Qc2 f4 24. Qf5+ Kb8 25. Qxf4 Ka8 26. b3 Rhg8 27. Qxh4 Qc6 28. Rg5 Qxc3 29. Rf1 Rge8 30. Rg4 a6 31. Qg3 Qd2 32. Rf2 Re1+ 33. Kh2 Qc1 34. Qe5 Rxe5 35. Kg3 Re3+ 0-1

[Event "*** SCC Grand Prix: Titled Tuesday Blitz"]
[Site "Chess.com"]
[Date "2020.07.14"]
[Round "10"]
[White "Artem_Sadovsky"]
[Black "PavelChernomordik"]
[Result "0-1"]
[WhiteElo "2514"]
[BlackElo "2352"]
[TimeControl "180+1"]
[EndTime "11:57:51 PDT"]
[Termination "PavelChernomordik won on time"]

1. Nf3 g6 2. h4 h6 3. h5 g5 4. d4 Bg7 5. c4 d6 6. Nc3 g4 7.
Nh4 Nc6 8. e3 Nf6 9. Bd3 Nxh5 10. Nf5 Bxf5 11. Bxf5 Nf6 12. Bxg4 e5 13. d5 Ne7 14. e4 c5 15. dxc6 bxc6 16. c5 d5 17. exd5 cxd5 18. Qa4+ Kf8 19. Bd1 d4 20. Ne2 Qd5 21.
b4 Qxg2 22. Rg1 Qh2 23. Qb3 e4 24. Bf4 Qh4 25. Bg3 Qg5 26. Nxd4 Nfd5 27. Ne2 Bxa1 28. Bd6 Qf5 29. Ng3 Qe6 30. Nh5 Be5 31. Bg4 f5 32. Bxf5 Qxf5 33. Qxd5 Bc3+ 0-1

[Event "*** SCC Grand Prix: Titled Tuesday Blitz"]
[Site "Chess.com"]
[Date "2020.07.14"]
[Round "10"]
[White "brunoo2003"]
[Black "ARMQUEEN"]
[Result "0-1"]
[WhiteElo "2280"]
[BlackElo "2445"]
[TimeControl "180+1"]
[EndTime "11:57:53 PDT"]
[Termination "ARMQUEEN won by checkmate"]

1. e4 c5 2. Nf3 Nc6 3. d4 cxd4 4. Nxd4 g6 5. c4 Nf6 6. Nc3 Nxd4 7. Qxd4 d6 8. Be3 Bg7 9. f3 O-O 10. Qd2 a5 11.
Bd3 a4 12. O-O Qa5 13. Bd4 Be6 14. Rad1 Rfc8 15. b3 axb3 16. axb3 Qb4 17. Bxf6 Bxf6 18. Nd5 Qc5+ 19. Kh1 Bxd5 20. exd5 Ra3 21. b4 Qd4 22.
Be2 Qh4 23. Qe1 Qh6 24. Qg3 Qe3 25. Qg4 Rca8 26. f4 h5 27. Qf3 Qb6 28. Qf2 Qxb4 29. f5 Qc5 30. fxg6 fxg6 31. Qxc5 dxc5 32. Rb1 R8a7 33.
Rb5 Bd4 34. h4 Re3 35. Bf3 Ra4 36. Rfb1 Rxc4 37. Rxb7 Bf6 38. d6 Rxh4+ 39. Kg1 exd6 40. Rd7 Re8 41. Bd5+ Kh8 42. g3 Bd4+ 43. Kg2 Re2+ 44. Kf3 Rf2# 0-1

[Event "*** SCC Grand Prix: Titled Tuesday Blitz"]
[Site "Chess.com"]
[Date "2020.07.14"]
[Round "10"]
[White "mamey78"]
[Black "blitzking1729"]
[Result "0-1"]
[WhiteElo "2442"]
[BlackElo "2595"]
[TimeControl "180+1"]
[EndTime "11:57:54 PDT"]
[Termination "blitzking1729 won by resignation"]

1. e4 c5 2. Nf3 e6 3. c3 Nf6 4. e5 Nd5 5. d4 cxd4 6. cxd4 d6 7.
Bc4 Nb6 8. Bd3 Nc6 9. O-O Be7 10.
Nc3 O-O 11. Qe2 dxe5 12. dxe5 Nd5 13. Qe4 g6 14. Bh6 Re8 15. Rad1 Qa5 16. h4 Nxc3 17. bxc3 Qxc3 18. Qf4 f5 19. h5 Qb4 20. Bc4 b5 21.
hxg6 Qxc4 22. Nd4 hxg6 23. Qg3 Kf7 24. Nxc6 Qxc6 25. Bg5 Bb7 26. Bxe7 Rxe7 27. Rd6 Qe4 28. f3 Qe3+ 0-1

[Event "*** SCC Grand Prix: Titled Tuesday Blitz"]
[Site "Chess.com"]
[Date "2020.07.14"]
[Round "10"]
[White "AGW2016"]
[Black "MergenKakabaev"]
[Result "0-1"]
[WhiteElo "2274"]
[BlackElo "2434"]
[TimeControl "180+1"]
[EndTime "11:57:54 PDT"]
[Termination "MergenKakabaev won on time"]

1. e4 e6 2. d4 d5 3. exd5 exd5 4. Nf3 Bd6 5. c4 Nf6 6. Nc3 dxc4 7. Bxc4 Nc6 8. h3 O-O 9. O-O h6 10. Re1 Re8 11. Rxe8+ Qxe8 12. Be3 Bf5 13. Nb5 Rd8 14. Nxd6 Rxd6 15. Rc1 a6 16. a4 Be4 17. Be2 Nd5 18.
Qb3 Qc8 19. Ne5 Nxe5 20. dxe5 Rg6 21. Bg4 Rxg4 22. hxg4 Qxg4 23. f3 Bxf3 24. Rc2 Bd1 25. Qxd5 Bxc2 26. a5 Be4 27. Qd2 h5 28. b4 h4 29. Kh2 Bf5 30. Qd8+ Kh7 31. Qg5 Qe4 32. Qf4 Qxf4+ 33. Bxf4 Kg6 34. g3 h3 35. Kg1 Kh5 36.
Kh2 Kg4 37. e6 fxe6 38. Bxc7 Kf3 39. Be5 g5 40. Bf6 g4 41. Be5 Ke4 42. Bd6 e5 43. Kg1 Kd4 44. Bc5+ Kd3 45. Bd6 e4 0-1

[Event "*** SCC Grand Prix: Titled Tuesday Blitz"]
[Site "Chess.com"]
[Date "2020.07.14"]
[Round "10"]
[White "Zarinur"]
[Black "sergeikim"]
[Result "0-1"]
[WhiteElo "2117"]
[BlackElo "2368"]
[TimeControl "180+1"]
[EndTime "11:57:55 PDT"]
[Termination "sergeikim won by resignation"]

1. e4 e5 2. Nf3 Nc6 3. Nc3 Nf6 4.
Bb5 Bb4 5. O-O O-O 6. d3 d6 7.
Bg5 Bxc3 8. bxc3 Qe7 9. Re1 Nd8 10. d4 c6 11. Bd3 Ne6 12. Bd2 c5 13. dxe5 dxe5 14.
Nxe5 Rd8 15. Qf3 Qc7 16. Nc4 b5 17. Ne3 c4 18. Nd5 Qe5 19. Bf1 Nxd5 20. exd5 Qxd5 21.
Qxd5 Rxd5 22. Rad1 Bb7 23. g3 Rad8 24. Bg2 Rxd2 25.
Rxd2 Rxd2 26. Bxb7 Rxc2 27. f4 g6 28. Re3 Rxa2 29. Bc6 a6 30. Bd5 Rc2 31. h3 Kf8 32. Bxe6 fxe6 33. Rxe6 Rxc3 34. Rxa6 Rxg3+ 35. Kf2 Rxh3 36. Rb6 Rb3 37. f5 gxf5 38. Rf6+ Ke7 39. Rxf5 c3 40. Rc5 b4 41. Ke2 Rb2+ 42. Kd3 Kf6 0-1

[Event "*** SCC Grand Prix: Titled Tuesday Blitz"]
[Site "Chess.com"]
[Date "2020.07.14"]
[Round "10"]
[White "amatatanav"]
[Black "Shubinkirill2003"]
[Result "0-1"]
[WhiteElo "2486"]
[BlackElo "2661"]
[TimeControl "180+1"]
[EndTime "11:57:56 PDT"]
[Termination "Shubinkirill2003 won on time"]

1. e4 e6 2. d4 d5 3. Nc3 Bb4 4. e5 b6 5. Qg4 Bf8 6. Nf3 Ba6 7. Bd3 Bxd3 8. cxd3 Qd7 9. O-O Ne7 10. a4 Nbc6 11.
b3 Nf5 12. Ba3 Bxa3 13. Rxa3 h5 14. Qf4 h4 15. h3 a6 16. Rc1 Nb4 17. Qd2 Qe7 18.
Raa1 O-O-O 19. Na2 Nxa2 20. Rxa2 Kb7 21. Rac2 Rc8 22.
b4 Qd7 23. Rc6 Qxc6 24. Rxc6 Kxc6 25. Qc3+ Kb7 26. b5 axb5 27. axb5 c6 28. bxc6+ Rxc6 29. Qb2 Rhc8 30. Ng5 Rc1+ 31. Kh2 Rf1 32. g4 hxg3+ 33. fxg3 Rfc1 0-1

[Event "*** SCC Grand Prix: Titled Tuesday Blitz"]
[Site "Chess.com"]
[Date "2020.07.14"]
[Round "10"]
[White "allvim"]
[Black "juniortay"]
[Result "0-1"]
[WhiteElo "2242"]
[BlackElo "2387"]
[TimeControl "180+1"]
[EndTime "11:57:56 PDT"]
[Termination "juniortay won by resignation"]

1. e4 e5 2. Nf3 Nf6 3. Nxe5 Nc6 4. Nxc6 dxc6 5. d3 Bc5 6. Be2 h5 7. h3 Be6 8. c3 Bb6 9. a4 a5 10. Be3 Bxe3 11. fxe3 Qd6 12. Bf3 Qg3+ 13. Kd2 O-O-O 14. Kc2 g5 15. Qe1 Qd6 16. Be2 g4 17. Nd2 gxh3 18.
gxh3 Rhg8 19. Qf2 Rg6 20. Rag1 Rdg8 21. Rxg6 Rxg6 22. Rg1 Rxg1 23. Qxg1 Bxh3 24. Qg5 Qe6 25. Bxh5 b6 26. Be2 Bg4 27. Bxg4 Nxg4 28. Qg8+ Kb7 29. Qg5 f6 30. Qf4 Qg8 31. Nf3 Qg6 32. Nd4 Ne5 33. Qh2 Qg5 34. Kd2 c5 35. Nf5 Nf3+ 0-1

[Event "*** SCC Grand Prix: Titled Tuesday Blitz"]
[Site "Chess.com"]
[Date "2020.07.14"]
[Round "10"]
[White "MIlorenzana271"]
[Black "Ermito2020"]
[Result "0-1"]
[WhiteElo "2405"]
[BlackElo "2521"]
[TimeControl "180+1"]
[EndTime "11:57:58 PDT"]
[Termination "Ermito2020 won by resignation"]

1. e4 c6 2. d4 d5 3. e5 Bf5 4.
Nf3 e6 5. Be2 Ne7 6. Nbd2 c5 7.
Nb3 Nd7 8. O-O Nc6 9. c3 Be7 10. Ne1 O-O 11. a4 cxd4 12. cxd4 Rc8 13. Bd3 Bxd3 14. Nxd3 Nb6 15. Ndc5 Rc7 16. a5 Nc4 17. a6 b6 18. Nb7 Qd7 19. Be3 Nb4 20. Qe2 Nxa6 21. Rxa6 Rxb7 22. Rfa1 Rc8 23. g3 h6 24.
R6a2 a5 25. Nc1 Rbc7 26. Nd3 Nxe3 27. Qxe3 Qb5 28. h4 Rc2 29. Nf4 Qc4 30. Nh5 Rc1+ 31. Kh2 Qf1 32. Rxc1 Rxc1 33. Qf3 Rc2 0-1

[Event "*** SCC Grand Prix: Titled Tuesday Blitz"]
[Site "Chess.com"]
[Date "2020.07.14"]
[Round "10"]
[White "awesomevishesh"]
[Black "PIwan"]
[Result "1-0"]
[WhiteElo "2345"]
[BlackElo "2485"]
[TimeControl "180+1"]
[EndTime "11:57:59 PDT"]
[Termination "awesomevishesh won by resignation"]

1. e4 c6 2. Nf3 d5 3. Nc3 Bg4 4.
h3 Bxf3 5. Qxf3 e6 6. g3 Nf6 7. Bg2 Bb4 8. e5 Nfd7 9. Qg4 Bxc3 10. dxc3 Kf8 11. Bf4 c5 12. O-O Nc6 13. Rfe1 h5 14.
Qe2 g5 15. Be3 Ncxe5 16. Bxc5+ Nxc5 17. Qxe5 Rh6 18. c4 f6 19. Qd4 Qd6 20. cxd5 e5 21.
Qd2 b6 22. b4 Nb7 23. c4 Rc8 24. Rac1 a5 25. a3 Rh7 26. Be4 Rhc7 27. Bf5 Rd8 28.
Red1 Qe7 29. Qe2 Nd6 30. Be6 Nb7 31. Qxh5 Qh7 32. Qxh7 Rxh7 33. c5 Re7 34. c6 Nd6 35. c7 Rc8 36. Bxc8 Nxc8 1-0

[Event "*** SCC Grand Prix: Titled Tuesday Blitz"]
[Site "Chess.com"]
[Date "2020.07.14"]
[Round "10"]
[White "Shield12"]
[Black "Zablotsky"]
[Result "1/2-1/2"]
[WhiteElo "2856"]
[BlackElo "2625"]
[TimeControl "180+1"]
[EndTime "11:58:01 PDT"]
[Termination "Game drawn by repetition"]

1. e4 b6 2. d4 e5 3. dxe5 Bb7 4. Nc3 d5 5. exd5 Nd7 6. Nf3 Bb4 7. Bc4 Ne7 8. O-O Bxc3 9. bxc3 O-O 10. Bg5 h6 11. Bh4 Qe8 12. Re1 Nc5 13. d6 Nf5 14. Bg3 Qc6 15.
dxc7 Nxg3 16. hxg3 Rac8 17. Qd6 Qxc7 18. Qxc7 Rxc7 19.
Nd4 Ne4 20. Bb3 Nxc3 21. e6 Bd5 22. Re3 fxe6 23. Nxe6 Bxe6 24. Rxe6 Kh8 25. Rae1 b5 26. Ra6 Rf6 27. Re8+ Kh7 28. Rxf6 gxf6 29. Ra8 h5 30. f3 Kg6 31. Kf2 Nxa2 32. c4 bxc4 33. Bxa2 c3 34. Bb1+ c2 35. Bxc2+ Rxc2+ 36. Kg1 Ra2 37. Kh2 a5 38.
Kh3 a4 39. Ra5 a3 40. g4 hxg4+ 41. fxg4 Ra1 42. Kg3 Kf7 43. Ra6 Ke7 44. Kf4 a2 45. Kg3 Kd7 46. Ra5 Kc7 47. Ra4 Kc6 48. Ra3 Kb5 49.
Ra8 Kb4 50. Rb8+ Kc5 51. Rc8+ Kd6 52. Ra8 Kc5 53. Rc8+ Kd4 54. Ra8 Kd3 55. Ra7 Kc2 56. Ra8 Kc3 57. Ra7 Kb3 58. Rb7+ Kc2 59. Ra7 Kc3 60. Ra8 Kd4 61. Ra7 Kc5 62. Ra8 Kb5 63. Rb8+ Kc6 64. Ra8 Kb7 65. Ra3 Kb6 66. Ra4 Kb7 67. Ra3 Kb6 68. Ra4 Kb7 69. Ra5 Kc7 70. Ra8 Kc6 71. Ra7 Kb6 72. Ra8 Kc5 73. Ra7 Kd6 74. Ra8 Ke7 75. Ra7+ Ke6 76. Ra8 Kd7 77. Ra7+ Kc6 78. Ra8 Kb5 79. Rb8+ Ka4 80. Ra8+ Kb3 81.
Rb8+ Kc2 82. Rc8+ Kd2 83. Rd8+ Kc1 84. Rc8+ Kb1 85. Rb8+ Kc1 86. Rc8+ Kd2 87. Ra8 Kc3 88. Ra7 Kb2 89. Rb7+ Ka3 90. Ra7+ Kb4 91. Ra8 Kc5 1/2-1/2

[Event "*** SCC Grand Prix: Titled Tuesday Blitz"]
[Site "Chess.com"]
[Date "2020.07.14"]
[Round "10"]
[White "Lenyas66"]
[Black "Godzillator"]
[Result "1/2-1/2"]
[WhiteElo "2497"]
[BlackElo "2343"]
[TimeControl "180+1"]
[EndTime "11:58:02 PDT"]
[Termination "Game drawn by repetition"]

1. e4 c6 2. d4 d5 3. exd5 cxd5 4. Bd3 Nc6 5. c3 Nf6 6. Bf4 Bg4 7.
Qb3 Qc8 8. Nd2 e6 9. Ngf3 Be7 10. O-O Bh5 11. Rae1 a6 12. Qc2 Bg6 13. Bxg6 hxg6 14.
g3 O-O 15. h4 b5 16. a3 a5 17. Ng5 Nxd4 18. Qd3 Nf5 19. Ndf3 Qc4 20. Qb1 b4 21. Ne5 Qb5 22. axb4 axb4 23. cxb4 Bxb4 24. Rc1 Rac8 25. Rxc8 Rxc8 26. Nexf7 Ng4 27. Ne5 Nxe5 28. Bxe5 Qb6 29. Qd3 Bd6 30. Re1 Bxe5 31. Rxe5 Qxb2 32. Rxe6 Qd4 33.
Qxd4 Nxd4 34. Rxg6 Rd8 35. Kf1 Rd7 36. h5 Kf8 37. g4 Nb3 38. Ne6+ Kf7 39. Nf4 d4 40.
Nd3 Rc7 41. Rb6 Rc3 42. Ne5+ Ke7 43. Ke2 Nc1+ 44. Kd2 Nb3+ 45. Ke2 Nc1+ 46. Kd2 Nb3+ 47. Ke2 1/2-1/2

[Event "*** SCC Grand Prix: Titled Tuesday Blitz"]
[Site "Chess.com"]
[Date "2020.07.14"]
[Round "10"]
[White "Dr_crypt"]
[Black "jacky72"]
[Result "1/2-1/2"]
[WhiteElo "2403"]
[BlackElo "2621"]
[TimeControl "180+1"]
[EndTime "11:58:03 PDT"]
[Termination "Game drawn - insufficient material"]

1. d4 f5 2. Nf3 c5 3. dxc5 Na6 4. g3 Nxc5 5. Bg2 Nf6 6. O-O e6 7. b4 Nce4 8. a3 d5 9. Bb2 Be7 10. Nbd2 O-O 11. c4 Kh8 12. cxd5 exd5 13. Rc1 Be6 14. Nd4 Qd7 15. N2b3 Rac8 16. Qd3 Ng4 17. Nxe6 Qxe6 18. Rcd1 Bf6 19. Bd4 Ne5 20. Bxe5 Qxe5 21.
Qxd5 Qxd5 22. Rxd5 Nc3 23. Rd2 b6 24. e3 Rfd8 25. Nd4 Bxd4 26. exd4 Rxd4 27. Rxd4 Ne2+ 28. Kh1 Nxd4 29. Rd1 h6 30. Rxd4 Rc1+ 31. Bf1 Rxf1+ 32. Kg2 Ra1 33. Rd3 Kh7 34. Kf3 Kg6 35. Ke3 Kf6 36. f4 g5 37. Rd6+ Kg7 38. Rd3 a5 39. bxa5 bxa5 40. Kd4 gxf4 41. gxf4 Kf6 42. Rc3 Kg6 43.
Rc6+ Kh5 44. Ke5 Rxa3 45. Kxf5 a4 46. Ra6 Ra1 47. Kf6 Kg4 48. f5 h5 49. Kg6 h4 50.
f6 Kh3 51. f7 Rg1+ 52. Kh7 Rf1 53. Kg7 Rxf7+ 54. Kxf7 Kxh2 55. Kg6 h3 56. Kg5 Kg1 57. Rxa4 h2 58. Ra1+ Kg2 59. Ra2+ Kg3 60. Ra1 Kh3 61. Kf4 Kg2 62. Kg4 h1=Q 63. Rxh1 Kxh1 1/2-1/2

[Event "*** SCC Grand Prix: Titled Tuesday Blitz"]
[Site "Chess.com"]
[Date "2020.07.14"]
[Round "10"]
[White "romulocardoso"]
[Black "Fischerev7"]
[Result "1-0"]
[WhiteElo "2140"]
[BlackElo "2353"]
[TimeControl "180+1"]
[EndTime "11:58:03 PDT"]
[Termination "romulocardoso won on time"]

1. e4 c5 2. Nf3 d6 3. d4 cxd4 4. Nxd4 Nf6 5. Nc3 a6 6. Be2 e5 7. Nb3 Be7 8. Kf1 O-O 9. Bg5 Be6 10. h4 Nbd7 11. h5 h6 12. Bh4 b5 13. g3 Qc7 14. Nd5 Bxd5 15. exd5 Nb6 16. Bf3 Rac8 17. c3 Nc4 18. Qc2 Nh7 19. Be4 Ng5 20. Bf5 Rce8 21.
Kg2 Kh8 22. Rad1 a5 23. Rhe1 Qb7 24. f4 exf4 25. gxf4 Nf3 26. Bxe7 Nxe1+ 27. Rxe1 Rxe7 28. Qc1 Rfe8 29. Rxe7 Qxe7 30. Nd4 Qe3 31. Qxe3 Nxe3+ 32. Kf3 Nxd5 33. Nxb5 Rd8 34. Be4 Nf6 35. Nd4 Rb8 36.
b3 Rc8 37. c4 Nxh5 38. Nf5 Nf6 39. Nxd6 Rd8 40. Nxf7+ Kg8 41. Nxd8 Kf8 42. Ne6+ Kf7 43. Bd5 1-0

[Event "*** SCC Grand Prix: Titled Tuesday Blitz"]
[Site "Chess.com"]
[Date "2020.07.14"]
[Round "10"]
[White "szachuspl"]
[Black "Eternauta2400"]
[Result "1-0"]
[WhiteElo "2534"]
[BlackElo "2631"]
[TimeControl "180+1"]
[EndTime "11:58:05 PDT"]
[Termination "szachuspl won by resignation"]

1. d4 Nf6 2. c4 e6 3. Nf3 d5 4.
Nc3 Bb4 5. Qa4+ Nc6 6. e3 O-O 7. Qc2 dxc4 8. Bxc4 a6 9. Bd2 Bd6 10.
e4 e5 11. d5 Ne7 12. O-O c6 13. dxc6 bxc6 14. Bg5 Ng6 15. Rad1 h6 16. Be3 Qe7 17. Na4 Bg4 18. Be2 Rac8 19. h3 Be6 20. Bxa6 Rc7 21. Bc4 Nh5 22. Rxd6 Qxd6 23. Bc5 Qd7 24. Rd1 Qc8 25.
Bxf8 Nxf8 26. Nc5 Bxh3 27. gxh3 Qxh3 28. Nh2 Ng6 29. Bf1 Qh4 30. Qd3 Kh7 31. Qd8 Re7 32. Qc8 Nhf4 33. Qg4 Qf6 34. Nd7 Qh4 35. Qxh4 Nxh4 36.
Nc5 f6 37. a4 Re8 38. a5 g5 39.
a6 g4 40. a7 Ra8 41. Rd7+ Kg6 42. Na4 Ne6 43. Nb6 Nc5 44. Rc7 Ne6 45. Nxa8 1-0

[Event "*** SCC Grand Prix: Titled Tuesday Blitz"]
[Site "Chess.com"]
[Date "2020.07.14"]
[Round "10"]
[White "Witik"]
[Black "Supernotar"]
[Result "0-1"]
[WhiteElo "2675"]
[BlackElo "2837"]
[TimeControl "180+1"]
[EndTime "11:58:06 PDT"]
[Termination "Supernotar won by checkmate"]

1. d4 d5 2. Bf4 Nf6 3. e3 e6 4. Nd2 Bd6 5. c3 c5 6. Bxd6 Qxd6 7. Bd3 Nbd7 8. f4 O-O 9. Ngf3 b6 10. Ne5 Bb7 11.
Qf3 a5 12. O-O Ba6 13. Bxa6 Rxa6 14. Qg3 b5 15. f5 b4 16. Rf3 cxd4 17. cxd4 Rc8 18.
Raf1 Rc2 19. fxe6 Qxe6 20. Nxd7 Nxd7 21. Nb3 Qe8 22. Rxf7 Rg6 23. Qf3 Qxe3+ 24. Kh1 Qxf3 25. R7xf3 a4 26. Nc5 Rgxg2 27. Re1 Nf6 28. Nxa4 Rxh2+ 29. Kg1 Rcg2+ 30. Kf1 Ne4 31. Nc5 Nd2# 0-1

[Event "*** SCC Grand Prix: Titled Tuesday Blitz"]
[Site "Chess.com"]
[Date "2020.07.14"]
[Round "10"]
[White "RoelandPruijssers"]
[Black "Parkas"]
[Result "1-0"]
[WhiteElo "2579"]
[BlackElo "2340"]
[TimeControl "180+1"]
[EndTime "11:58:06 PDT"]
[Termination "RoelandPruijssers won by resignation"]

1. f4 g6 2. Nf3 Bg7 3. g3 Nf6 4. Bg2 O-O 5. O-O c5 6. d3 Nc6 7. e4 d6 8. c3 Rb8 9. a4 a6 10. Na3 b5 11. axb5 axb5 12. Nc2 b4 13. Ne3 Ne8 14.
Bd2 Nc7 15. g4 d5 16. exd5 Nxd5 17. Nxd5 Bxg4 18. Ne3 Bd7 19. f5 gxf5 20. Ng5 e6 21.
Qh5 h6 22. Nh3 Ne5 23. Nc4 bxc3 24. Bxh6 Nxc4 25. dxc4 cxb2 26. Ra3 b1=Q 27. Rg3 Qf6 28. Bxg7 Qxg7 29. Rxg7+ Kxg7 30. Qg5+ Kh8 31. Qh6+ Kg8 32. Ng5 f4 33. Rxb1 Rxb1+ 34. Bf1 1-0

[Event "*** SCC Grand Prix: Titled Tuesday Blitz"]
[Site "Chess.com"]
[Date "2020.07.14"]
[Round "10"]
[White "pedromartinez91"]
[Black "KaterynaLagno"]
[Result "0-1"]
[WhiteElo "2541"]
[BlackElo "2734"]
[TimeControl "180+1"]
[EndTime "11:58:07 PDT"]
[Termination "KaterynaLagno won by resignation"]

1. e4 e5 2. Nf3 Nc6 3. Bb5 a6 4.
Ba4 b5 5. Bb3 Na5 6. O-O d6 7. d4 exd4 8. Nxd4 Bb7 9. Bd5 c6 10.
Bb3 Nxb3 11. axb3 Nf6 12. Re1 c5 13. Nf5 g6 14. e5 gxf5 15. exf6+ Kd7 16. Qh5 Qxf6 17.
Nc3 Qg6 18. Qh3 Rg8 19. g3 Bg7 20. Be3 Rae8 21. Rad1 Re5 22. b4 cxb4 23. Ne2 Rge8 24. Nf4 Qg4 25. Qxh7 Qf3 26. Kf1 Rxe3 27. Qxf5+ Kc7 28.
Qxf7+ Kb6 29. Rxd6+ Ka7 30. Rxa6+ Kxa6 31. Ra1+ Kb6 32. Qg6+ R8e6 33. Qxe6+ Rxe6 34. Nxe6 0-1

[Event "*** SCC Grand Prix: Titled Tuesday Blitz"]
[Site "Chess.com"]
[Date "2020.07.14"]
[Round "10"]
[White "GadimbayliA"]
[Black "WashUntilHoles"]
[Result "0-1"]
[WhiteElo "2866"]
[BlackElo "2723"]
[TimeControl "180+1"]
[EndTime "11:58:09 PDT"]
[Termination "WashUntilHoles won by resignation"]

1. e4 c6 2. Nf3 d5 3. exd5 cxd5 4. d4 Nc6 5. c3 Nf6 6. Ne5 g6 7. Bb5 Bd7 8. Nxd7 Qxd7 9. O-O Bg7 10. Nd2 O-O 11.
Re1 e6 12. Nf3 Ne4 13. Bf4 a6 14. Bd3 f5 15. a4 h6 16. Ne5 Nxe5 17. Bxe5 Bxe5 18.
dxe5 Rad8 19. Qe2 Qc7 20. h4 Kg7 21. Rac1 Nc5 22. Bc2 Qb6 23. b4 Ne4 24. Bxe4 fxe4 25. c4 Qxb4 26. cxd5 exd5 27. Rc7+ Rf7 28. Rec1 Rdd7 29.
Rc8 Qe7 30. Rb8 Rc7 31. Rb1 Qxe5 32. Qg4 Qf5 33. Qg3 e3 34. Rf1 exf2+ 35. Kh1 Qf4 36. Qh3 Rc1 0-1

[Event "*** SCC Grand Prix: Titled Tuesday Blitz"]
[Site "Chess.com"]
[Date "2020.07.14"]
[Round "10"]
[White "Savva09022009"]
[Black "Chernobay_Artem"]
[Result "0-1"]
[WhiteElo "2446"]
[BlackElo "2622"]
[TimeControl "180+1"]
[EndTime "11:58:09 PDT"]
[Termination "Chernobay_Artem won by checkmate"]

1. d4 Nf6 2. Nc3 d5 3. Bf4 a6 4. e3 e6 5. Nf3 c5 6. dxc5 Bxc5 7. Bd3 b5 8. a3 Bb7 9. O-O Nbd7 10. Ne5 O-O 11. Qe2 Nxe5 12. Bxe5 Nd7 13. Bg3 f5 14. b4 Bb6 15. a4 Rc8 16. Nd1 e5 17. c3 Qf6 18. axb5 f4 19. bxa6 Ba8 20. exf4 exf4 21. Bh4 Qxh4 22. Qe6+ Rf7 23. c4 dxc4 24. Bxc4 Rxc4 25.
Qxc4 Qg5 26. g3 fxg3 27. Qc8+ Rf8 28. Qc4+ Kh8 29. h4 gxf2+ 30. Kh2 Qg2# 0-1

[Event "*** SCC Grand Prix: Titled Tuesday Blitz"]
[Site "Chess.com"]
[Date "2020.07.14"]
[Round "10"]
[White "margarita_2703"]
[Black "SzMM19"]
[Result "0-1"]
[WhiteElo "2387"]
[BlackElo "2557"]
[TimeControl "180+1"]
[EndTime "11:58:13 PDT"]
[Termination "SzMM19 won by resignation"]

1. Nf3 c5 2. c4 Nc6 3. d4 cxd4 4. Nxd4 Qb6 5. e3 e5 6. Nxc6 bxc6 7. Nc3 Nf6 8. Be2 Bb4 9. Bd2 O-O 10. O-O Be7 11. Rb1 Qc7 12. b4 Rb8 13. b5 d6 14.
bxc6 Rxb1 15. Qxb1 Qxc6 16. Qb5 Qc7 17. Nd5 Nxd5 18.
cxd5 Qc2 19. Qa5 Bf5 20. Rc1 Qb2 21. Bf1 h5 22. a4 h4 23. h3 Be4 24. Qb4 Qxb4 25. Bxb4 Bxd5 26. Bxd6 Bxd6 27. Rd1 Bxg2 28. Bxg2 Rd8 29. Kf1 Kf8 30. Ke2 Ke7 31. Rb1 a5 32.
Rb5 Bb4 33. Rxe5+ Kf6 34. Rb5 Rd2+ 35. Kf3 Ra2 36. Rb6+ Kg5 37. Rb7 Be1 38. Ke4 Rxf2 39. Bf3 f5+ 40. Ke5 Bc3+ 41. Ke6 Rxf3 0-1

[Event "*** SCC Grand Prix: Titled Tuesday Blitz"]
[Site "Chess.com"]
[Date "2020.07.14"]
[Round "10"]
[White "Artyom_ChessMate"]
[Black "UKR_Master"]
[Result "1-0"]
[WhiteElo "2498"]
[BlackElo "2324"]
[TimeControl "180+1"]
[EndTime "11:58:13 PDT"]
[Termination "Artyom_ChessMate won by checkmate"]

1. e4 c5 2. Nc3 Nc6 3. Bb5 Nd4 4.
Nf3 g6 5. O-O Bg7 6. Nxd4 cxd4 7.
Ne2 a6 8. Ba4 e6 9. d3 Ne7 10.
Bb3 O-O 11. f4 d6 12. Qe1 b5 13. Bd2 Qb6 14. Ba5 Qc5 15. Bb4 Qb6 16. Ba5 Qc5 17.
a3 Nc6 18. Bd2 a5 19. Rc1 Kh8 20. Qh4 f5 21. Ng3 Bf6 22. Qh3 a4 23. Ba2 Bd7 24. Rfe1 Rac8 25. exf5 exf5 26. Nf1 Rce8 27. Qg3 Qb6 28.
Rxe8 Rxe8 29. Re1 Qd8 30. h3 Rf8 31. Qf3 Re8 32. Qd5 Rxe1 33. Bxe1 Qf8 34. Bf2 b4 35. Nd2 bxa3 36. bxa3 Kg7 37. Nc4 Qe7 38. Nxd6 Qe2 39.
Qg8+ Kh6 40. Nf7+ Kh5 41. Qxh7# 1-0